[Event "Titled Tuesday Blitz October 11 Early 2022"]
[White "Saucey, Michel"]
[Black "Martic, Ivan"]
[WhiteFideId "601845"]
[BlackFideId "929301"]
[WhiteElo "2253"]
[BlackElo "2355"]
[Result "1-0"]
[Round "02"]
[TimeControl "180+1"]
[Date "2022.10.12"]
[WhiteClock "0:00:09"]
[BlackClock "0:00:41"]

1. d4 d5 2. c4 e6 3. Nf3 c6 4. Nbd2 f5 5. g3 Nf6 6. Bg2 Bd6 7. O-O O-O 8. Qc2 Qe7 9. Ne5 b6 10. b3 Bb7 11. Bb2 a5 12. cxd5 cxd5 13. Rfc1 Nbd7 14. Ndc4 Bb8 15. Ba3 Qe8 16. Bxf8 Qxf8 17. Nxd7 Nxd7 18. Ne5 Nxe5 19. dxe5 Bxe5 20. Rab1 f4 21. Qd3 Ba6 22. Qd2 Qf6 23. gxf4 Bxf4 24. e3 Be5 25. f4 Bd6 26. Rc6 Qe7 27. Bxd5 Rd8 28. Bc4 Bb7 29. Rxb6 Kh8 30. Rd1 Bc7 31. Qxd8+ Bxd8 32. Rxe6 Qf8 33. Bb5 Bf3 34. Rxd8 Qxd8 35. Re8+ Qxe8 36. Bxe8 Kg8 37. Kf2 Be4 38. a3 Kf8 39. Bb5 Ke7 40. Bc4 h6 41. b4 axb4 42. axb4 Kd6 43. Kg3 g5 44. h4 gxf4+ 45. Kxf4 Bg6 46. e4 Bh7 47. e5+ Ke7 48. b5 Bd3 49. Bxd3 1-0


[Site "https://www.chess.com"]

[Event "Titled Tuesday Blitz October 11 Early 2022"]
[White "Seemann, Jakub"]
[Black "Ruge, Edison"]
[WhiteFideId "21874697"]
[BlackFideId "4401000"]
[WhiteElo "2275"]
[BlackElo "2175"]
[Result "1-0"]
[Round "02"]
[TimeControl "180+1"]
[Date "2022.10.12"]
[WhiteClock "0:01:54"]
[BlackClock "0:00:24"]

1. c4 e5 2. Nc3 Nc6 3. g3 Nf6 4. Bg2 Bb4 5. e3 Bxc3 6. bxc3 d6 7. d3 Be6 8. Ne2 Qd7 9. h3 h5 10. e4 Ne7 11. Be3 b6 12. Qd2 Ng6 13. a4 a5 14. f4 exf4 15. Nxf4 Nxf4 16. gxf4 Qe7 17. O-O Bd7 18. Bd4 O-O-O 19. e5 dxe5 20. fxe5 Nh7 21. c5 bxc5 22. Qb2 c6 23. Rab1 Be6 24. Qb8+ Kd7 25. Rb7+ Ke8 26. Rxe7+ Kxe7 27. Bxc5+ Ke8 28. Bxc6+ 1-0


[Site "https://www.chess.com"]

[Event "Titled Tuesday Blitz October 11 Early 2022"]
[White "Seletsky, Grigory"]
[Black "Krishnan, Varun"]
[WhiteFideId "14112191"]
[BlackFideId "5054508"]
[WhiteElo "2492"]
[BlackElo "2628"]
[Result "1/2-1/2"]
[Round "02"]
[TimeControl "180+1"]
[Date "2022.10.12"]
[WhiteClock "0:00:27"]
[BlackClock "0:00:20"]

1. e4 c5 2. Nf3 d6 3. c4 Nf6 4. Nc3 g6 5. d3 Bg7 6. g3 O-O 7. Bg2 e5 8. O-O Nc6 9. Nd5 Nxd5 10. cxd5 Nd4 11. Nxd4 cxd4 12. f4 a5 13. f5 Bd7 14. g4 f6 15. h4 Rc8 16. h5 Qe8 17. hxg6 hxg6 18. Bd2 b6 19. Rc1 g5 20. Rxc8 Qxc8 21. Qb1 Qa6 22. Rc1 Bb5 23. Bf1 Rc8 24. Rxc8+ Qxc8 25. Qc1 Qxc1 26. Bxc1 Kf7 27. b3 Bf8 28. a4 Bd7 29. Be2 Be7 30. Bd1 Bd8 31. Kf2 b5 32. Ba3 Bc7 33. Ke2 Ke7 34. Bc2 Kd8 35. Kd2 Kc8 36. Kc1 Kb7 37. Kb1 Kb6 38. Ka2 Bb8 39. Kb1 Ba7 40. Ka2 Kc7 41. Kb1 Bc5 42. Ka2 Kb6 43. Bd1 Bc8 44. Bc2 Ba6 45. Bb1 Bxa3 46. Kxa3 Kc5 47. Bc2 Bb7 48. Bb1 Bc8 49. Bc2 Kb6 50. Bd1 Kc5 51. Bc2 Ba6 52. Bb1 bxa4 53. bxa4 Bc4 54. Bc2 Ba6 55. Bb1 Bc8 56. Bc2 Bd7 57. Bb1 Bc8 58. Bc2 Bb7 59. Kb3 Ba6 60. Bb1 Bb7 61. Bc2 Bc8 62. Bd1 Ba6 63. Be2 Bb7 64. Bf3 Ba6 65. Be2 Bb7 66. Bf3 Bc8 67. Be2 Bd7 68. Bf1 Be8 69. Be2 Bd7 70. Bf1 Kb6 71. Be2 Bc8 72. Bf1 Bb7 73. Be2 Ba6 74. Bf1 Kc7 75. Be2 Kd8 76. Bf1 Ke7 77. Be2 Kf7 78. Bf1 Kg7 79. Be2 Kh6 80. Kc2 Kh7 81. Kb3 Kh8 82. Kb2 Kg8 83. Kb3 Kg7 84. Ka3 Kf7 85. Kb3 Kf8 86. Ka3 Ke8 87. Kb3 Ke7 88. Ka3 Kd7 89. Kb3 Kd8 90. Ka3 Kc7 91. Kb3 Kc8 92. Ka3 Kb8 93. Kb3 Ka8 94. Ka3 Ka7 95. Kb3 Kb7 96. Ka3 Kb6 97. Kb3 Kc5 98. Ka3 Bc8 99. Kb3 Bd7 1/2-1/2


[Site "https://www.chess.com"]

[Event "Titled Tuesday Blitz October 11 Early 2022"]
[White "Seo, Jung Min"]
[Black "Tarasova, Viktoriya"]
[WhiteFideId "1734687"]
[BlackFideId "4175840"]
[WhiteElo "2455"]
[BlackElo "2182"]
[Result "1-0"]
[Round "02"]
[TimeControl "180+1"]
[Date "2022.10.12"]
[WhiteClock "0:00:08"]
[BlackClock "0:00:06"]

1. e4 e5 2. Nf3 Nc6 3. d4 exd4 4. Nxd4 Nf6 5. Nxc6 bxc6 6. e5 Qe7 7. Qe2 Nd5 8. c4 Nb6 9. Nd2 Qe6 10. b3 a5 11. Bb2 a4 12. g3 axb3 13. axb3 Rxa1+ 14. Bxa1 Bb4 15. Bg2 O-O 16. O-O Re8 17. Ne4 h6 18. Qh5 d5 19. exd6 cxd6 20. c5 dxc5 21. Nxc5 Qd6 22. Ne4 Qg6 23. Qxg6 fxg6 24. Nc3 Be6 25. Rb1 Nd5 26. Nxd5 Bxd5 27. Bxd5+ cxd5 28. Kf1 Kf7 29. Rd1 Rd8 30. Bd4 Rd7 31. Ke2 Be7 32. Kd3 Bf6 33. b4 Rb7 34. Rb1 Rb5 35. Bxf6 Kxf6 36. Kc3 Ke6 37. Ra1 Rb6 38. Ra7 Kf6 39. Rd7 Rb5 40. Rd6+ Ke5 41. Rxg6 Rb7 42. Rc6 d4+ 43. Kc4 d3 44. Rc5+ Ke4 45. Rc8 Kf3 46. Kxd3 Rxb4 47. Rf8+ Kg2 48. h4 Rb3+ 49. Ke2 Rb2+ 50. Ke3 Rb3+ 51. Ke4 Rb4+ 52. Ke5 Rb7 53. h5 Ra7 54. g4 Kh3 55. f3 Kg3 56. Ke6 Ra3 57. Rf7 Rxf3 58. Rxg7 Kh4 59. Rg6 Rf4 60. Rxh6 Rxg4 61. Rh8 Rg1 62. Kf6 Rg2 63. h6 Kh5 64. h7 Kh6 65. Rg8 Rf2+ 66. Ke5 Kxh7 67. Rg3 Kh6 68. Rh3+ Kg5 69. Re3 Kg4 70. Ke4 Rf4+ 71. Ke5 Rf8 72. Kd6 Kg5 73. Ke7 Rf5 74. Re4 Ra5 75. Re1 Kf5 76. Kf7 Kf4 77. Rf1+ Kg4 78. Kg6 Kh4 79. Rg1 Kh3 80. Kg7 Kh4 81. Rg6 Kh5 82. Rd6 Rg5+ 83. Kh7 Rg4 84. Rd5+ Kh4 85. Kh6 Kg3 86. Rd2 Kf3 87. Kh5 Re4 88. Rd3+ Ke2 89. Rd8 Ke3 90. Kg5 Re5+ 91. Kf6 Re4 92. Kf5 Rf4+ 93. Ke5 Re4+ 94. Kf5 Rf4+ 95. Kg5 Re4 96. Rd1 Ke2 97. Ra1 Ke3 98. Kf5 Re8 99. Re1+ Kd2 100. Rxe8 1-0


[Site "https://www.chess.com"]

[Event "Titled Tuesday Blitz October 11 Early 2022"]
[White "Sernecki, Franciszek"]
[Black "Kalajzic, Ivan"]
[WhiteFideId "1169297"]
[BlackFideId "14506378"]
[WhiteElo "2209"]
[BlackElo "2163"]
[Result "0-1"]
[Round "02"]
[TimeControl "180+1"]
[Date "2022.10.12"]
[WhiteClock "0:00:18"]
[BlackClock "0:00:55"]

1. c4 Nc6 2. Nc3 e5 3. g3 Bc5 4. Bg2 d6 5. e3 Bf5 6. Nge2 Nb4 7. e4 Nd3+ 8. Kf1 Nxf2 9. Qa4+ Bd7 10. Qb3 Nxh1 11. Bxh1 Qc8 12. Na4 Bh3+ 13. Ke1 Bb6 14. c5 dxc5 15. Nxc5 Ne7 16. Nd3 Nc6 17. Qc3 Qe6 18. b3 O-O-O 19. Bb2 f6 20. a4 Rd7 21. a5 Bd4 22. Nxd4 Nxd4 23. Nc5 Qg4 24. Kf2 Qe2+ 25. Kg1 Qb5 26. Qc4 Qxc4 27. bxc4 Re7 28. Bxd4 exd4 29. d3 a6 30. Rb1 c6 31. Na4 f5 32. Nc5 Rf8 33. Bg2 Bxg2 34. Kxg2 f4 35. g4 Re5 36. Nxb7 Kc7 37. Rb6 Rb8 38. Nd6 Rxb6 39. axb6+ Kxd6 0-1


[Site "https://www.chess.com"]

[Event "Titled Tuesday Blitz October 11 Early 2022"]
[White "Shapiro, Daniel"]
[Black "Melikhov, Evgeny V."]
[WhiteFideId "2001780"]
[BlackFideId "4122046"]
[WhiteElo "2214"]
[BlackElo "2169"]
[Result "1-0"]
[Round "02"]
[TimeControl "180+1"]
[Date "2022.10.12"]
[WhiteClock "0:00:29"]
[BlackClock "0:00:13"]

1. d4 Nf6 2. c4 e6 3. g3 d5 4. Nf3 dxc4 5. Bg2 Nc6 6. Qa4 Bb4+ 7. Bd2 Bd6 8. Qxc4 O-O 9. Bf4 Bxf4 10. gxf4 Qd5 11. Nbd2 Qxc4 12. Nxc4 Nb4 13. O-O Nbd5 14. e3 b6 15. Rfc1 Bb7 16. Nce5 c5 17. dxc5 Rfc8 18. c6 Ba6 19. Nd4 Ne8 20. f5 Nec7 21. fxe6 fxe6 22. Nxe6 Nb4 23. Bh3 Nd3 24. Nxd3 Bxd3 25. Nf4 Rd8 26. Ne6 Rdc8 27. Rc3 Be4 28. Rd1 Kh8 29. Ng5 Re8 30. Nxe4 Rxe4 31. Rd7 Nb5 32. c7 Nxc3 33. Rd8+ Re8 34. Rxa8 Ne2+ 35. Kf1 Rxa8 36. Kxe2 Kg8 37. c8=Q+ 1-0


[Site "https://www.chess.com"]

[Event "Titled Tuesday Blitz October 11 Early 2022"]
[White "Shipov, Sergei"]
[Black "Aggelis, Nikolaos"]
[WhiteFideId "4113624"]
[BlackFideId "4213220"]
[WhiteElo "2769"]
[BlackElo "2187"]
[Result "1-0"]
[Round "02"]
[TimeControl "180+1"]
[Date "2022.10.12"]
[WhiteClock "0:02:02"]
[BlackClock "0:01:01"]

1. d4 Nf6 2. c4 g6 3. Nc3 d5 4. Nf3 Bg7 5. cxd5 Nxd5 6. Na4 O-O 7. e4 Nb6 8. Be2 Nc6 9. Be3 Bg4 10. d5 Bxf3 11. gxf3 Na5 12. Rc1 c6 13. b4 cxd5 14. bxa5 Nxa4 15. Qxa4 d4 16. Bd2 Rc8 17. O-O Qd6 18. Bd3 Be5 19. Kg2 Bxh2 20. Qb4 Bf4 21. Qxd6 Bxd6 22. f4 f6 23. Bc4+ Kg7 24. Be6 Rc5 25. Rxc5 Bxc5 26. Rc1 b6 27. a6 Rd8 28. Kf3 Rd6 29. f5 h5 30. Bf4 Rd8 31. Bc7 Rh8 32. a4 g5 33. a5 Ra8 34. axb6 axb6 35. Ra1 Kh6 36. Bd5 Rc8 37. a7 g4+ 38. Kg2 h4 39. Bf4+ Kh5 40. a8=Q Rxa8 41. Rxa8 d3 42. Rh8# 1-0


[Site "https://www.chess.com"]

[Event "Titled Tuesday Blitz October 11 Early 2022"]
[White "Shkuran, Danylo"]
[Black "Flis, Pawel"]
[WhiteFideId "14106248"]
[BlackFideId "1112864"]
[WhiteElo "2427"]
[BlackElo "1836"]
[Result "1-0"]
[Round "02"]
[TimeControl "180+1"]
[Date "2022.10.12"]
[WhiteClock "0:00:30"]
[BlackClock "0:00:01"]

1. d4 Nf6 2. c4 c5 3. Nf3 cxd4 4. Nxd4 e5 5. Nc2 d5 6. e3 Nc6 7. a3 Be6 8. cxd5 Qxd5 9. Qxd5 Nxd5 10. e4 Nf6 11. Nc3 O-O-O 12. f3 Nd4 13. Nxd4 exd4 14. Nd1 d3 15. Bd2 Bb3 16. Rc1+ Kb8 17. Rc3 Bc2 18. Nf2 Be7 19. Bxd3 Bxd3 20. Rxd3 Rxd3 21. Nxd3 Rd8 22. Ke2 Nd7 23. Bf4+ Ka8 24. Rc1 Nb6 25. Bc7 Rc8 26. b4 Na4 27. f4 b6 28. Be5 Rxc1 29. Nxc1 f6 30. Bd4 Kb7 31. Kd3 b5 32. Nb3 Nb6 33. Bxb6 axb6 34. Kd4 Kc6 35. Nc1 Bd6 36. g3 Bc7 37. Nd3 Bd6 38. Ne1 Be7 39. Nf3 Bd6 40. Nh4 g6 41. Ng2 Bc7 42. Ne3 Bd6 43. Nd5 f5 44. e5 Bf8 45. Nf6 1-0


[Site "https://www.chess.com"]

[Event "Titled Tuesday Blitz October 11 Early 2022"]
[White "Shohat, Yotam"]
[Black "Erenberg, Ariel"]
[WhiteFideId "2813955"]
[BlackFideId "2811634"]
[WhiteElo "2199"]
[BlackElo "2416"]
[Result "1-0"]
[Round "02"]
[TimeControl "180+1"]
[Date "2022.10.12"]
[WhiteClock "0:01:38"]
[BlackClock "0:01:38"]

1. e4 c5 2. Nf3 Nc6 3. Bb5 g6 4. O-O Bg7 5. Re1 Nf6 6. e5 Ng4 7. Bxc6 dxc6 8. h3 Nh6 9. d3 Nf5 10. c3 O-O 11. Bf4 e6 12. Qe2 b6 13. Nbd2 Ba6 14. Nc4 Qd5 15. Rad1 b5 16. b3 Rad8 17. g4 Ne7 18. Bg5 Rd7 19. Ne3 Qxf3 20. Qxf3 Bxe5 1-0


[Site "https://www.chess.com"]

[Event "Titled Tuesday Blitz October 11 Early 2022"]
[White "Shuvalova, Polina"]
[Black "Zierk, Steven"]
[WhiteFideId "24171760"]
[BlackFideId "2034255"]
[WhiteElo "2392"]
[BlackElo "2494"]
[Result "1/2-1/2"]
[Round "02"]
[TimeControl "180+1"]
[Date "2022.10.11"]
[WhiteClock "0:00:12"]
[BlackClock "0:00:06"]

1. d4 d5 2. Nf3 Nf6 3. Bf4 c5 4. e3 Qb6 5. Nbd2 cxd4 6. exd4 Nc6 7. Nb3 Bg4 8. c3 e6 9. Be2 Be7 10. O-O O-O 11. h3 Bh5 12. Re1 a5 13. a4 Ne4 14. Ra2 Rfe8 15. Nc1 f6 16. Nd3 g5 17. Be3 Bf7 18. Nd2 Nd6 19. Bh5 Nf5 20. Bxf7+ Kxf7 21. Qh5+ Kg8 22. f4 Nxe3 23. Rxe3 Nxd4 24. cxd4 Qxd4 25. Nf1 gxf4 26. Qg4+ Kf8 27. Nxf4 Bc5 28. Nxe6+ Rxe6 29. Qxe6 Qf4 30. Ra3 Rd8 31. Rd3 Kg7 32. Qg4+ Qxg4 33. hxg4 Kf7 34. Kh2 Bxe3 35. Nxe3 Ke6 36. Kg3 d4 37. Kf3 Ke5 38. Nc4+ Kd5 39. Nxa5 Ra8 40. b4 b6 41. Nb3 Kc4 42. Ke2 Rxa4 43. Nxd4 Ra2+ 44. Ke3 Rxg2 45. Rd1 Rxg4 46. b5 h5 47. Rc1+ Kd5 48. Ne2 h4 49. Rc6 h3 50. Rxf6 Rh4 51. Rf1 h2 52. Rh1 Kc4 53. Kf2 Kxb5 54. Kg3 Rh8 55. Nf4 Kc4 56. Nh3 Rg8+ 57. Kf3 b5 58. Rxh2 b4 59. Nf4 b3 60. Rh7 b2 61. Rc7+ Kb3 62. Rb7+ Kc2 63. Rc7+ Kb3 64. Rb7+ Kc2 65. Rc7+ Kb3 1/2-1/2


[Site "https://www.chess.com"]

[Event "Titled Tuesday Blitz October 11 Early 2022"]
[White "Siva Mahadevan"]
[Black "Mortazavi, Ali"]
[WhiteFideId "25043153"]
[BlackFideId "401323"]
[WhiteElo "2249"]
[BlackElo "2339"]
[Result "1-0"]
[Round "02"]
[TimeControl "180+1"]
[Date "2022.10.12"]
[WhiteClock "0:00:44"]
[BlackClock "0:00:07"]

1. e4 c6 2. d4 d5 3. e5 Bf5 4. c4 dxc4 5. Bxc4 e6 6. Nc3 Nd7 7. Nge2 Nb6 8. Bb3 Ne7 9. O-O h5 10. Ng3 Bg6 11. Bg5 Qd7 12. a4 a5 13. Qd2 h4 14. Nge4 Nf5 15. Rad1 h3 16. g4 Nh6 17. Bxh6 Rxh6 18. Qxh6 gxh6 19. Nf6+ Kd8 20. Nxd7 Kxd7 21. f4 Nd5 22. Nxd5 cxd5 23. f5 exf5 24. gxf5 Bh5 25. Rc1 Bb4 26. Bxd5 Bd2 27. Rc2 Be3+ 28. Kh1 Rg8 29. Rc3 Be2 30. Re1 Bf2 31. Rec1 Rd8 32. Bxf7 Ke7 33. Bc4 Bg4 34. d5 Bxf5 35. d6+ Ke8 36. Bb5+ Kf7 37. Rf3 Ke6 38. Rxf2 Be4+ 39. Kg1 Kxe5 40. Re1 Rxd6 41. Rfe2 Rg6+ 42. Kf1 Rf6+ 43. Rf2 Rg6 44. Bd3 Kd4 45. Bxe4 1-0


[Site "https://www.chess.com"]

[Event "Titled Tuesday Blitz October 11 Early 2022"]
[White "Skatchkov, Valery"]
[Black "Blokhin, Sofia"]
[WhiteFideId "24195812"]
[BlackFideId "4508190"]
[WhiteElo "2199"]
[BlackElo "2005"]
[Result "0-1"]
[Round "02"]
[TimeControl "180+1"]
[Date "2022.10.12"]
[WhiteClock "0:00:15"]
[BlackClock "0:00:09"]

1. Nf3 e6 2. c4 f5 3. g4 fxg4 4. Ne5 Nf6 5. h3 g3 6. fxg3 c5 7. Bg2 Qc7 8. d4 cxd4 9. Bf4 d6 10. Nd3 e5 11. Bg5 Qxc4 12. O-O Nc6 13. Nd2 Qe6 14. Rc1 Bd7 15. Qa4 h6 16. Qb5 Nd8 17. Qa5 hxg5 18. Rc7 Nc6 19. Qb5 e4 20. Rxf6 gxf6 21. Nxe4 d5 22. Nec5 Bxc5 23. Nxc5 Qe3+ 24. Kf1 Bxh3 25. Qxb7 Bxg2+ 26. Kxg2 Qxe2+ 27. Kg1 Qh2+ 28. Kf1 Qh1+ 29. Ke2 Rh2+ 30. Kd3 Qd1# 0-1


[Site "https://www.chess.com"]

[Event "Titled Tuesday Blitz October 11 Early 2022"]
[White "Skibbe, Willi"]
[Black "Shuvalov, Evgenij"]
[WhiteFideId "4682190"]
[BlackFideId "4187237"]
[WhiteElo "2316"]
[BlackElo "2049"]
[Result "0-1"]
[Round "02"]
[TimeControl "180+1"]
[Date "2022.10.12"]
[WhiteClock "0:00:05"]
[BlackClock "0:00:15"]

1. d4 Nf6 2. c4 c5 3. d5 b5 4. cxb5 a6 5. bxa6 Bxa6 6. Nc3 g6 7. e4 Bxf1 8. Kxf1 d6 9. Nf3 Bg7 10. g3 O-O 11. Kg2 Nbd7 12. a4 Qb6 13. Qc2 c4 14. Be3 Qb7 15. Nd2 Ng4 16. Nxc4 Rfc8 17. h3 Nxf2 18. Nxd6 exd6 19. Qxf2 Ne5 20. Rhf1 Nd3 21. Qd2 Nxb2 22. Bd4 Nc4 23. Qf2 Ne5 24. Nb5 Qd7 25. Qe2 Ra5 26. Bb6 Ra6 27. a5 Nc4 28. Nc7 Rxc7 29. Bxc7 Qxc7 30. Rac1 Rxa5 31. Rxc4 Qb7 32. Rc2 Be5 33. Qf2 Ra3 34. Rfc1 Rxg3+ 35. Kf1 Qb3 36. Qe2 Rf3+ 37. Ke1 Re3 38. Kf2 Rxe2+ 39. Kxe2 Qxh3 40. Rc8+ Kg7 41. R1c7 Qg4+ 42. Kd3 Qf3+ 43. Kd2 Qxe4 44. Rd8 Bf4+ 45. Kc3 Be5+ 0-1


[Site "https://www.chess.com"]

[Event "Titled Tuesday Blitz October 11 Early 2022"]
[White "Skliarov, Viktor"]
[Black "Mamedov, Rauf"]
[WhiteFideId "14106736"]
[BlackFideId "13401653"]
[WhiteElo "2284"]
[BlackElo "2650"]
[Result "0-1"]
[Round "02"]
[TimeControl "180+1"]
[Date "2022.10.11"]
[WhiteClock "0:00:05"]
[BlackClock "0:01:00"]

1. e4 c5 2. Nf3 d6 3. d4 cxd4 4. Qxd4 Nf6 5. Nc3 Bd7 6. e5 Nc6 7. Qf4 dxe5 8. Nxe5 e6 9. Nxd7 Qxd7 10. Bd3 Bd6 11. Qh4 O-O-O 12. Bg5 Be7 13. O-O-O h6 14. Bxf6 Bxf6 15. Qc4 Qc7 16. Nb5 Qb6 17. Be4 Kb8 18. Bxc6 Qxc6 19. Qxc6 bxc6 20. Nd6 Rhf8 21. Nc4 Kc7 22. c3 Rd5 23. Kc2 h5 24. Ne3 Rc5 25. Rd3 Rd8 26. Rxd8 Bxd8 27. Rd1 Bg5 28. Nf1 Rf5 29. f3 Bf4 30. g3 Bd6 31. f4 Bc5 32. c4 g5 33. fxg5 Rxg5 34. Nd2 Re5 35. Nf3 Re4 36. b3 f6 37. Re1 Rxe1 38. Nxe1 e5 39. Kd3 f5 40. Ke2 Kd6 41. Kf3 Ke6 42. h3 e4+ 43. Ke2 Ke5 44. Nc2 h4 45. gxh4 f4 46. b4 Be7 47. h5 f3+ 48. Kf1 Bg5 49. b5 cxb5 50. cxb5 e3 51. a4 e2+ 52. Kf2 Ke4 53. h6 Bh4+ 54. Kg1 f2+ 55. Kh2 f1=Q 0-1


[Site "https://www.chess.com"]

[Event "Titled Tuesday Blitz October 11 Early 2022"]
[White "Sohier, Julien"]
[Black "Manukian, Artak"]
[WhiteFideId "645346"]
[BlackFideId "13301373"]
[WhiteElo "2209"]
[BlackElo "2507"]
[Result "1-0"]
[Round "02"]
[TimeControl "180+1"]
[Date "2022.10.12"]
[WhiteClock "0:00:46"]
[BlackClock "0:00:38"]

1. e4 c6 2. Nf3 d5 3. d3 Qc7 4. Nc3 Nf6 5. e5 Nfd7 6. Bf4 e6 7. Qd2 b5 8. a3 a5 9. h4 Ba6 10. Be2 b4 11. axb4 axb4 12. Nd1 c5 13. c3 Nc6 14. d4 c4 15. O-O Be7 16. h5 O-O 17. h6 g6 18. Bg5 Nb6 19. Ne3 f5 20. exf6 Bxf6 21. Bxf6 Rxf6 22. Ng4 Rff8 23. Nfe5 Nxe5 24. Nxe5 bxc3 25. bxc3 Nd7 26. f4 Nxe5 27. fxe5 Bb5 28. Rxa8 Rxa8 29. Qf4 Qe7 30. Bg4 Bd7 31. Qf6 Qxf6 32. Rxf6 Ra3 33. Bxe6+ Bxe6 34. Rxe6 Rxc3 35. Re8+ Kf7 36. Rh8 Rd3 37. Rxh7+ Ke6 38. Re7+ Kxe7 39. h7 c3 40. h8=Q c2 41. Qf6+ Kd7 42. Qd6+ Ke8 43. Qc6+ Ke7 44. Qxc2 Rxd4 45. Qxg6 Re4 46. Qd6+ 1-0


[Site "https://www.chess.com"]

[Event "Titled Tuesday Blitz October 11 Early 2022"]
[White "Sonnenschein, Philipp"]
[Black "Harsh Suresh"]
[WhiteFideId "16250877"]
[BlackFideId "45018464"]
[WhiteElo "2225"]
[BlackElo "2180"]
[Result "0-1"]
[Round "02"]
[TimeControl "180+1"]
[Date "2022.10.12"]
[WhiteClock "0:00:11"]
[BlackClock "0:00:51"]

1. e4 c6 2. d4 d5 3. e5 Bf5 4. h4 h5 5. Bd3 Bxd3 6. Qxd3 Qa5+ 7. b4 Qa6 8. Qb3 e6 9. Nf3 Qb6 10. a3 a5 11. bxa5 Qxb3 12. cxb3 Rxa5 13. O-O Ne7 14. Nc3 Nf5 15. a4 Nd7 16. Ba3 Bxa3 17. Rxa3 Ke7 18. b4 Ra7 19. Rfa1 Rha8 20. a5 Nb6 21. Na4 Nc4 22. R3a2 f6 23. exf6+ gxf6 24. Nc3 Kd6 25. Kf1 e5 26. dxe5+ fxe5 27. Ke2 e4 28. Nd2 Nd4+ 29. Kf1 Nxd2+ 30. Rxd2 Nb3 31. Nxe4+ Kc7 32. Rb1 Nxd2+ 33. Nxd2 b6 34. axb6+ Kxb6 35. Nf3 Ra1 36. Rxa1 Rxa1+ 37. Ke2 Rb1 38. Ne5 Rxb4 39. g3 Re4+ 40. Kf3 Rxe5 0-1


[Site "https://www.chess.com"]

[Event "Titled Tuesday Blitz October 11 Early 2022"]
[White "Sovetbekova, Nurai"]
[Black "Nozdrachev, Leonid"]
[WhiteFideId "13801910"]
[BlackFideId "24113433"]
[WhiteElo "1925"]
[BlackElo "2249"]
[Result "1-0"]
[Round "02"]
[TimeControl "180+1"]
[Date "2022.10.12"]
[WhiteClock "0:00:03"]
[BlackClock "0:00:01"]

1. d4 Nf6 2. c4 c5 3. d5 e6 4. Nc3 exd5 5. cxd5 Bd6 6. Nf3 O-O 7. Qc2 Re8 8. Bg5 Bc7 9. e4 Ba5 10. Bd3 c4 11. Bxc4 Qc7 12. Bd3 Nxd5 13. O-O Nxc3 14. bxc3 Qxc3 15. Qd1 Nc6 16. Rc1 Qa3 17. Rc2 d6 18. Bc1 Qa4 19. Qe2 Bg4 20. Be3 Nb4 21. Rb2 Nxd3 22. Qxd3 Qxe4 23. Qxd6 Bxf3 24. gxf3 Qxf3 25. Qg3 Qxg3+ 26. hxg3 b6 27. Rd1 h6 28. Rd5 Rad8 29. Rbb5 Rxd5 30. Rxd5 Re4 31. Rd7 a6 32. Ra7 Ra4 33. Rxa6 Rxa2 34. Bxb6 Ra1+ 35. Kg2 Bc3 36. Rxa1 Bxa1 37. Bc5 Kh7 38. Kf3 Kg6 39. Bf8 Bf6 40. Bc5 Kf5 41. Be3 Ke6 42. Bd2 Kf5 43. Be3 Bg5 44. Bc5 g6 45. Bf8 h5 46. Bd6 Bf6 47. Bc7 Bd4 48. Bb8 Bc5 49. Bc7 g5 50. Ba5 g4+ 51. Kg2 Ke4 52. Bd2 Bd6 53. Bg5 Be5 54. Bh6 f6 55. Be3 f5 56. Bd2 f4 57. gxf4 Bxf4 58. Bb4 h4 59. Be7 h3+ 60. Kg1 Kf3 61. Bc5 Bg5 62. Bd4 Bh4 63. Bc5 Bf6 64. Be3 Bc3 65. Bc5 Bf6 66. Bb6 Be5 67. Bc5 Bc3 68. Bb6 Be1 69. Bc5 1-0


[Site "https://www.chess.com"]

[Event "Titled Tuesday Blitz October 11 Early 2022"]
[White "Srihari L R"]
[Black "D`Arruda, Ricardo D."]
[WhiteFideId "46617116"]
[BlackFideId "100692"]
[WhiteElo "2336"]
[BlackElo "2433"]
[Result "1-0"]
[Round "02"]
[TimeControl "180+1"]
[Date "2022.10.12"]
[WhiteClock "0:01:17"]
[BlackClock "0:00:49"]

1. d4 Nf6 2. Bg5 c5 3. Nc3 cxd4 4. Qxd4 Nc6 5. Qh4 e6 6. O-O-O Be7 7. e4 Qc7 8. f4 d6 9. Nf3 a6 10. Qg3 h6 11. Bh4 Nh5 12. Qg4 Bxh4 13. Qxh4 Nf6 14. a3 Bd7 15. Be2 O-O-O 16. Rd2 d5 17. exd5 exd5 18. Nxd5 Nxd5 19. Rxd5 Be6 20. Rxd8+ Rxd8 21. Rd1 Rxd1+ 22. Bxd1 Qd6 23. Qg3 g6 24. Ne5 Nd4 25. Qc3+ Kb8 26. Qb4 Qc7 27. Qxd4 1-0


[Site "https://www.chess.com"]

[Event "Titled Tuesday Blitz October 11 Early 2022"]
[White "Storey, Charles H"]
[Black "Tsaruk, Maksim"]
[WhiteFideId "406686"]
[BlackFideId "13511173"]
[WhiteElo "2252"]
[BlackElo "2273"]
[Result "0-1"]
[Round "02"]
[TimeControl "180+1"]
[Date "2022.10.12"]
[WhiteClock "0:00:41"]
[BlackClock "0:00:16"]

1. e4 Nf6 2. e5 Nd5 3. d4 d6 4. Nf3 Nc6 5. Be2 Bg4 6. c4 Nb6 7. exd6 exd6 8. b3 Be7 9. Bb2 Bf6 10. O-O O-O 11. Na3 Re8 12. h3 Bh5 13. Re1 d5 14. c5 Nd7 15. Qd2 Re4 16. b4 a6 17. Nc2 Qe7 18. g4 Bg6 19. Bd3 Rxe1+ 20. Rxe1 Qf8 21. Bxg6 fxg6 22. Kg2 Re8 23. Rxe8 Qxe8 24. Qe3 Qf7 25. Bc3 h6 26. a4 g5 27. b5 axb5 28. axb5 Ne7 29. Nb4 Ng6 30. Nd3 Ndf8 31. Kf1 Ne6 32. Nfe5 Bxe5 33. dxe5 Qd7 34. b6 d4 35. Bxd4 Nxd4 36. bxc7 Ne6 37. Qe4 Ne7 38. Qxb7 Qxd3+ 39. Kg1 Qd7 40. c8=Q+ Qxc8 41. Qxe7 Nxc5 42. f3 Ne6 43. h4 gxh4 44. Qxh4 Qf8 45. Kg2 Qf4 46. Qe1 Ng5 47. Qe2 Ne6 48. Qb5 Qxf3+ 49. Kxf3 Nd4+ 50. Ke4 Nxb5 51. Kd5 Kf7 52. Ke4 Ke6 53. Kf4 g5+ 54. Ke4 Na7 0-1


[Site "https://www.chess.com"]

[Event "Titled Tuesday Blitz October 11 Early 2022"]
[White "Stribuk, Artiom"]
[Black "Taichman, Ori"]
[WhiteFideId "13515659"]
[BlackFideId "2804069"]
[WhiteElo "2279"]
[BlackElo "2234"]
[Result "1-0"]
[Round "02"]
[TimeControl "180+1"]
[Date "2022.10.11"]
[WhiteClock "0:00:39"]
[BlackClock "0:00:39"]

1. d4 Nf6 2. c4 g6 3. g3 Bg7 4. Bg2 O-O 5. Nc3 d6 6. Nf3 Nc6 7. O-O Rb8 8. b3 e5 9. dxe5 dxe5 10. Ba3 Re8 11. e3 e4 12. Nd2 Qd3 13. Ndxe4 Qxd1 14. Raxd1 Bg4 15. Rd2 Rbd8 16. Nxf6+ Bxf6 17. Nd5 Bc3 18. Rc2 Bg7 19. Nxc7 Re5 20. Nd5 a5 21. h3 Bf5 22. Rd2 Rd7 23. Rfd1 h5 24. Bb2 Re8 25. Nf6+ Bxf6 26. Bxf6 Rxd2 27. Rxd2 a4 28. Bc3 Bb1 29. b4 a3 30. b5 Ne5 31. Bxe5 Rxe5 32. Bxb7 Kf8 33. Bd5 Ke7 34. b6 Kf6 35. b7 Re8 36. c5 Ke7 37. c6 Kd6 38. Be4+ 1-0


[Site "https://www.chess.com"]

[Event "Titled Tuesday Blitz October 11 Early 2022"]
[White "Subelj, Jan"]
[Black "Dubov, Daniil"]
[WhiteFideId "14618583"]
[BlackFideId "24126055"]
[WhiteElo "2394"]
[BlackElo "2791"]
[Result "1-0"]
[Round "02"]
[TimeControl "180+1"]
[Date "2022.10.11"]
[WhiteClock "0:00:25"]
[BlackClock "0:00:02"]

1. e4 c5 2. Nf3 d6 3. Bb5+ Bd7 4. c4 g6 5. Nc3 Bg7 6. O-O Nc6 7. Bxc6 Bxc6 8. d4 cxd4 9. Nxd4 Nf6 10. f3 O-O 11. Be3 Rc8 12. b3 a6 13. Qd2 Re8 14. Rfd1 Bd7 15. Rac1 Qc7 16. Nd5 Nxd5 17. cxd5 Qb8 18. Ne2 Rxc1 19. Rxc1 Rc8 20. Bd4 Bf8 21. Rxc8 Qxc8 22. Qc3 Qxc3 23. Nxc3 f5 24. Kf2 Kf7 25. e5 e6 26. dxe6+ Kxe6 27. exd6 Bxd6 28. g3 g5 29. Ne2 b5 30. f4 g4 31. Ke3 b4 32. Nc1 Kd5 33. Nd3 a5 34. Ne5 Bb5 35. Nf7 Be7 36. Ne5 a4 37. Nd3 h5 38. Ne1 h4 39. Ng2 h3 40. Ne1 Bd6 41. Nc2 axb3 42. axb3 Bf1 43. Be5 Bc5+ 44. Bd4 Be7 45. Bb6 Bg2 46. Nd4 Be4 47. Ba7 Bd8 48. Nb5 Bh4 49. Kf2 Bf6 50. Nc7+ Kc6 51. Ne6 Kd6 52. Nd4 Kd5 53. Ke3 Bd8 54. Ne2 Bc2 55. Nd4 Bb1 56. Ne2 Bf6 57. Bd4 Be7 58. Ba7 Bf6 59. Bd4 Bd8 60. Ba7 Bc2 61. Nd4 Bd1 62. Kd2 Bf6 63. Nxf5 Bxb3 64. Ne3+ Ke4 65. Nxg4 Bc3+ 66. Kc1 Kd3 67. Nf2+ Kc4 68. Nxh3 Ba2 69. Nf2 b3 70. Nd1 Bb4 71. Bb8 Kd5 72. Kb2 Be1 73. Be5 Ke4 74. Bc3 Bxc3+ 75. Nxc3+ Kf3 76. f5 1-0


[Site "https://www.chess.com"]